 Dungeon Crawl Stone Soup version 0.28.0 (webtiles) character file.

Game seed: 1659195182295785525

1013 GrayStillPlays the Chopper (level 8, -6/71 HPs)
             Began as a Hill Orc Fighter on Feb 13, 2022.
             Mangled by an orc warrior (15 damage)
             ... on level 6 of the Dungeon.
             The game lasted 00:07:45 (6133 turns).

GrayStillPlays the Chopper (Hill Orc Fighter)       Turns: 6133, Time: 00:07:45

Health: -6/71      AC: 11    Str: 21    XL:     8   Next: 21%
Magic:  8/8        EV:  9    Int:  8    God:
Gold:   336        SH:  5    Dex: 10    Spells: 7/7 levels left

rFire   + . .      SeeInvis .   a - +0 war axe {axe}
rCold   + . .      Faith    .   c - +0 buckler
rNeg    . . .      Spirit   .   u - +3 scale mail
rPois   .          Reflect  .   (no helmet)
rElec   .          Harm     .   (no cloak)
rCorr   .          Rampage  .   q - +0 pair of gloves
Will    .....                   (no boots)
Stlth   ..........              l - amulet of the acrobat
HPRegen 0.21/turn               o - ring of protection from fire
MPRegen 0.11/turn               n - ring of protection from cold

@: no status effects
A: no striking features
a: Convert to Beogh


You were on level 6 of the Dungeon.
You visited 2 branches of the dungeon, and saw 8 of its levels.

You collected 336 gold pieces.


   Skills:
 + Level 6.5 Fighting
 + Level 6.6 Axes
 + Level 6.0 Armour
 + Level 6.0 Shields


You had 7 spell levels left.
You didn't know any spells.
Your spell library contained the following spells:

 Spells                   Type           Power      Damage    Failure   Level
 Magic Dart               Conj           0%         1d3       80%         1
 Searing Ray              Conj           0%         2d4       91%         2
 Static Discharge         Conj/Air       0%         N/A       91%         2
 Sublimation of Blood     Necr           0%         N/A       91%         2
 Fulminant Prism          Conj/Hex       0%         3d6       100%        4
 Petrify                  Tmut/Erth      0%         N/A       100%        4
 Irradiate                Conj/Tmut      0%         3d13      100%        5
 Lightning Bolt           Conj/Air       0%         1d11      100%        5
 Maxwell's Capacitive Co  Air            0%         ∞         100%        8

Inventory:

Hand Weapons
 a - a +0 war axe (weapon) {axe}
Missiles
 e - 157 stones (quivered) {throwing}
 f - 5 poisoned darts {throwing}
 t - 53 arrows
 w - 18 bolts
 z - 28 sling bullets
 D - 6 javelins {throwing}
Armour
 c - a +0 buckler (worn)
 q - a +0 pair of gloves (worn)
   (You found it on level 2 of the Dungeon)
 u - a +3 scale mail (worn)
   (You found it on level 2 of the Dungeon)
 y - a +1 ring mail of poison resistance
   (You found it on level 3 of the Dungeon)
Magical Staves
 s - a staff of fire {!astaff}
   (You found it on level 2 of the Dungeon)
Jewellery
 l - an amulet of the acrobat (around neck)
   (You found it on level 1 of the Dungeon)
 n - a ring of protection from cold (right hand)
   (You found it on level 1 of the Dungeon)
 o - a ring of protection from fire (left hand)
   (You found it on level 1 of the Dungeon)
 C - a ring of fire
   (You found it on level 3 of the Dungeon)
Wands
 b - a wand of acid (5)
   (You found it on level 5 of the Dungeon)
 H - a wand of mindburst (13)
   (You found it on level 5 of the Dungeon)
Scrolls
 g - 5 scrolls of identify {unknown}
 h - 2 scrolls of blinking {unknown}
 i - a scroll of noise {unknown}
 j - 2 scrolls of teleportation {unknown}
 k - a scroll of torment {unknown}
 p - a scroll of fear {unknown}
 v - a scroll of enchant weapon {unknown}
 B - 2 scrolls of vulnerability {unknown}
 E - a scroll of holy word {unknown}
 G - a scroll of acquirement {unknown}
Potions
 d - a potion of might
 m - 3 potions of curing {@q1}
 r - 2 potions of heal wounds {unknown}
 x - 2 potions of haste {unknown}
 A - 3 potions of flight {unknown}
 F - 2 potions of attraction {unknown}

Dungeon Overview and Level Annotations

Branches:
Dungeon (7/15)             Temple (1/1) D:4

Altars:
Cheibriados
Elyvilon
Fedhas
Gozag
Makhleb
Nemelex Xobeh
Qazlal
Sif Muna
Trog
Uskayaw
Vehumet
Xom
Zin
The Shining One

Shops:
D:4 =   D:5 ?

Annotations:
D:5 Crazy Yiuf

#.......## .....#
.........####...##
.......>)o...o...##
.........####.....#
#.......## #..oo##
##....<## ####Z#
##...## #o# ##+#
#o# #@# #.# #.# #.#
#.# ..# ###


You could see an orc warrior, an orc priest, 2 orcs and a bullfrog skeleton.


Message History

Crazy Yiuf screams, "Snower hand sing!" 😱 HP[+1] 😱 HP[+1] Crazy Yiuf says, "Whippet Xom return to song!"
There is a stone staircase leading down here.
You can't go up here!
You climb downwards.
The orc warrior shouts!
The orc shouts! x2
The orc priest threatens, "By the altar or by the axe, you will meet Beogh!" (press Y on the ability menu to convert to Beogh)
The orc priest shouts!
The orc shouts!
Found a stone staircase leading down.
There is a stone staircase leading up here. 😱 HP[+1]
The orc misses you.
There is a stone staircase leading down here.
You can't go up here!
You climb downwards.
There is a stone staircase leading up here. 😱 HP[+1]
There is a stone staircase leading up here.
You start resting. 😎 HP[+58]
Your hp is fully restored (71).
You climb upwards.
The orc hits you but does no damage. The orc closely misses you.
The orc hits you with a +0 hand axe. The orc barely misses you.
There is a stone staircase leading down here. 😕 HP[-1]
You take 1 damage, and now have 70/71 hp.
You slash the orc!
You kill the orc!
You hit the orc but do no damage. You barely miss the orc.
You barely miss the orc warrior.
The orc warrior hits you with a +0 battleaxe!
The orc barely misses you. You block the orc's attack. 😕 HP[-11]
You take 11 damage, and now have 59/71 hp.
The orc completely misses you. The orc warrior completely misses you.
The orc barely misses you.
You see here a +0 whip {mace}. 😕 HP[+1]
You open the door.
The orc warrior hits you with a +0 battleaxe!!
The orc hits you but does no damage. x2
The orc priest hits you with a +0 club. 😮 HP[-21]
You take 21 damage, and now have 39/71 hp.
MASSIVE DAMAGE!! (PAUSE)
The orc warrior misses you.
There is an open door here.
A bullfrog skeleton comes into view.
The bullfrog skeleton moves out of view. 😮 HP[+1]
You closely miss the orc warrior. You block the orc warrior's attack.
The bullfrog skeleton barely misses you.
You barely miss the orc warrior. You barely miss the bullfrog skeleton.
The orc warrior hits you with a +0 battleaxe!
* * * LOW HITPOINT WARNING * * *
The bullfrog skeleton hits you but does no damage.
The orc warrior barely misses you. 😨 HP[-12]
You take 12 damage, and now have 28/71 hp.
The orc priest shouts, "Surrender to Beogh and we'll let you live!"
You hit the orc warrior. You hit the bullfrog skeleton.
The bullfrog skeleton hits you.
* * * LOW HITPOINT WARNING * * *
The orc warrior hits you with a +0 battleaxe.
* * * LOW HITPOINT WARNING * * *
The bullfrog skeleton closely misses you. 😨 HP[-10]
You take 10 damage, and now have 18/71 hp.
You barely miss the orc warrior. You hit the bullfrog skeleton.
The bullfrog skeleton hits you but does no damage.
The orc warrior barely misses you. 😨 HP[+1]
You barely miss the orc warrior. You barely miss the bullfrog skeleton.
The bullfrog skeleton hits you but does no damage.
The orc warrior hits you with a +0 battleaxe!
* * * LOW HITPOINT WARNING * * *
The bullfrog skeleton hits you but does no damage. 😱 HP[-16]
You take 16 damage, and now have 3/71 hp.
MASSIVE DAMAGE!! (PAUSE)
The bullfrog skeleton barely misses you.
You block the bullfrog skeleton's attack. 😱 HP[+1] It was a potion of curing.
You feel better.
The orc warrior hits you but does no damage. 😱 HP[+6]
You regained 6 hp, and now have 10/71 hp.
You barely miss the orc warrior.
The orc warrior hits you with a +0 battleaxe.
* * * LOW HITPOINT WARNING * * *
The orc priest casts a cantrip, but nothing happens. 😱 HP[-1]
You take 1 damage, and now have 9/71 hp.
You slash the orc warrior!
The orc warrior hits you with a +0 battleaxe!
You die...

Skill      XL: |  1  2  3  4  5  6  7  8 |
---------------+-------------------------+-----
Axes           | 3 4 5 6 |  6.6
Fighting       | 4 5 6 |  6.5
Shields        | 4 5 6 |  6.0
Armour         | 4 5 6 |  6.0

Action                   |  1- 3 |  4- 6 |  7- 9 || total
-------------------------+-------+-------+-------++-------
Melee: War axe           |    85 |   106 |   105 ||   296
Throw: Stone             |       |     1 |       ||     1
Evoke: Wand              |       |       |     1 ||     1
  Use: Potion            |       |       |     1 ||     1
Armor: Scale mail        |    37 |    49 |    76 ||   162
Dodge: Dodged            |    65 |    89 |    57 ||   211
Block: Buckler           |    21 |    21 |    34 ||    76

Levels and vault maps discovered:
D:1:      dpeg_arrival_water_altar, layout_basic
D:2:      layout_rooms
D:3:      layout_loops_corners, hellmonk_ecumenical_altar_leap_of_faith
D:4:      layout_gridville, minmay_temple_entry_statues_pillars, serial_shops,
          shop, st_stairs_11
D:5:      layout_loops_ring, mainiacjoe_overflow_24_doors,
          mainiacjoe_overflow_brackets, nicolae_stop_n_shop_1,
          uniq_crazy_yiuf_cottage
D:6:      layout_loops_corners
D:7:      layout_loops_ring, chequers_temple_overflow_minitemple, uniq_duvessa
Temple:   minmay_temple_forest_path

Notes
Turn   | Place    | Note
-------+----------+-------------------------------------------
     0 | D:1      | GrayStillPlays the Hill Orc Fighter began the quest for the
                  | Orb.
     0 | D:1      | Reached XP level 1. HP: 19/19 MP: 1/1
     0 | D:1      | magus.rc [v1.9.6]
   321 | D:1      | Reached skill level 3 in Axes
   321 | D:1      | Reached XP level 2. HP: 27/27 MP: 2/2
   813 | D:1      | Found a white marble altar of Elyvilon.
   855 | D:2      | Reached skill level 4 in Fighting
   857 | D:2      | Reached XP level 3. HP: 31/33 MP: 3/3
   928 | D:2      | You pick up a book of Conjurations {@e2} and begin
                  | reading...
   928 | D:2      | You add the spells Magic Dart, Searing Ray and Fulminant
                  | Prism to your library.
   959 | D:2      | Reached XP level 4. HP: 20/40 MP: 4/4
  1157 | D:2      | Reached skill level 4 in Shields
  1228 | D:2      | Reached skill level 4 in Armour
  1630 | D:3      | You fall into a shaft and drop 2 floors!
  1630 | D:5      | Entered Level 5 of the Dungeon
  1643 | D:5      | Reached skill level 4 in Axes
  1654 | D:5      | Reached XP level 5. HP: 25/47 MP: 5/5
  1930 | D:5      | Reached skill level 5 in Fighting
  1930 | D:5      | Reached XP level 6. HP: 42/56 MP: 6/6
  2268 | D:5      | Found a glowing silver altar of Zin.
  2372 | D:5      | Found Zeocep's Magic Scroll Emporium.
  2383 | D:4      | Noticed a necrophage
  3036 | D:3      | Found a faded altar of an unknown god.
  3219 | D:4      | Killed a necrophage
  3220 | D:4      | Reached skill level 5 in Axes
  3220 | D:4      | Reached skill level 5 in Shields
  3227 | D:4      | Reached skill level 5 in Armour
  3227 | D:4      | Reached XP level 7. HP: 53/61 MP: 7/7
  3269 | D:4      | You pick up a book of Lightning and begin reading...
  3269 | D:4      | You add the spells Static Discharge, Lightning Bolt and
                  | Maxwell's Capacitive Coupling to your library.
  3537 | D:4      | Found Lenezouf's Jewellery Boutique.
  3540 | D:4      | Found a staircase to the Ecumenical Temple.
  3550 | Temple   | Entered the Ecumenical Temple
  4295 | D:4      | Reached skill level 6 in Fighting
  4295 | D:4      | Reached skill level 6 in Axes
  4902 | D:5      | Reached XP level 8. HP: 57/71 MP: 8/8
  5121 | D:5      | Reached skill level 6 in Armour
  5121 | D:5      | Reached skill level 6 in Shields
  5372 | D:5      | Found an opulent altar of Gozag.
  5439 | D:5      | You pick up a book of Alchemy and begin reading...
  5439 | D:5      | You add the spells Sublimation of Blood, Petrify and
                  | Irradiate to your library.
  5481 | D:5      | Found a runed translucent door.
  5482 | D:5      | Noticed Crazy Yiuf
  5788 | D:5      | HP: 15/71 [Crazy Yiuf (7)]
  5793 | D:5      | HP: 7/71 [poisoned by Crazy Yiuf]
  6123 | D:6      | HP: 3/71 [orc warrior (16)]
  6132 | D:6      | HP: 9/71 [orc warrior (1)]
  6133 | D:6      | Mangled by an orc warrior

Vanquished Creatures
  A water moccasin (D:5)
  2 black bears
  A necrophage (D:4)
  An ogre (D:4)
  3 scorpions
  3 hounds
  A jelly (D:5)
  A bullfrog zombie (D:5)
  An iguana (D:5)
  An orc wizard (D:4)
  A hound zombie (D:5)
  6 adders
  2 white imps (D:5)
  2 worms (D:2)
  A dart slug (D:2)
  10 orcs
  4 endoplasms
  2 giant cockroaches (D:4)
  9 goblins
  3 hobgoblins
  3 jackals (D:2)
  7 kobolds
  6 quokkas
  3 ball pythons
  6 bats
  4 frilled lizards
  4 rats
88 creatures vanquished.

Table legend:
 A = Non-vault XP
 B = Vault XP
 C = Vault XP percentage of total XP
 D = Non-vault monster count
 E = Vault monster count
 F = Vault count percentage of total count
                 A         B        C        D         E       F
            +---------+---------+-------+---------+---------+-------
      Total |    1403 |      45 |   3.1 |      85 |       3 |   3.4
            +---------+---------+-------+---------+---------+-------
        D:1 |      26 |       0 |   0.0 |      17 |       0 |   0.0
        D:2 |     103 |       0 |   0.0 |      19 |       0 |   0.0
        D:3 |      46 |       0 |   0.0 |      14 |       0 |   0.0
        D:4 |     621 |      45 |   6.8 |      18 |       3 |  14.3
        D:5 |     604 |       0 |   0.0 |      16 |       0 |   0.0
        D:6 |       3 |       0 |   0.0 |       1 |       0 |   0.0
            +---------+---------+-------+---------+---------+-------

Illustrated notes

Table legend:
 A = Kills in this place as a percentage of kills in entire the game.
 B = Kills by you in this place as a percentage of kills by you in the entire game.
 C = Kills by friends in this place as a percentage of kills by friends in the entire game.
 D = Other kills in this place as a percentage of other kills in the entire game.
 E = Experience gained in this place as a percentage of experience gained in the entire game.
 F = Experience gained in this place divided by the number of levels of this place that you have seen.
                   A       B       C       D       E      F
               +-------+-------+-------+-------+-------+----------------------
         Total | 100.0 | 100.0 |   N/A |   N/A | 100.0 | 181.0
       Dungeon | 100.0 | 100.0 |   N/A |   N/A | 100.0 | 206.9
               +-------+-------+-------+-------+-------+----------------------

Table legend: (Time is in decaauts)
 A = Elapsed time spent in this place.
 B = Non-inter-level travel time spent in this place.
 C = Inter-level travel time spent in this place.
 D = Time resting spent in this place.
 E = Time spent auto-exploring this place.
 F = Levels seen in this place.
 G = Mean time per level.
                   A        B        C        D        E       F      G
               +--------+--------+--------+--------+--------+-----+--------+
         Total |   6212 |   6040 |    172 |    402 |   4769 |   8 |  776.5 |
       Dungeon |   5776 |   5694 |     82 |    402 |   4436 |   7 |  825.1 |
        Temple |    435 |    345 |     90 |      0 |    333 |   1 |  435.0 |
               +--------+--------+--------+--------+--------+-----+--------+

Top non-repeatable levels by time:
     D:5: 1890 daAuts
     D:4: 1092 daAuts
     D:3: 906 daAuts
     D:1: 862 daAuts
     D:2: 717 daAuts
  Temple: 435 daAuts
     D:7: 277 daAuts
     D:6: 28 daAuts
